TOP OF THE 1ST |
Minnesota (NYP) Twins batting - Pitching for Tri-City ValleyCats : LHP Frank Vazquez
|
Pitching: LHP Frank Vazquez
|
|
Batting: LHB Yasutoshi Hayashi
|
0-0: Called Strike 0-1: Foul Ball, location: 2F 0-2: Ball 1-2: Foul Ball, location: 2F 1-2: Foul Ball, location: 2F 1-2: Strikes out swinging
|
Batting: RHB Steve Terrell
|
0-0: Ball 1-0: Called Strike 1-1: Ball 2-1: Swinging Strike 2-2: Strikes out swinging
|
Batting: LHB Tomas Espino
|
0-0: Called Strike 0-1: Ball 1-1: Ball 2-1: Foul Ball, location: 2F 2-2: Ball 3-2: SINGLE (Groundball, 6MD, EV 97.5 MPH)
|
Batting: RHB Alexandre Garcia
|
0-0: Called Strike 0-1: Fielders Choice at 2nd, 6-4 (Groundball, 6, EV 106.2 MPH)
|
Top of the 1st over - 0 runs, 1 hit, 0 errors, 1 left on base; Minnesota (NYP) 0 - Tri-City 0 |
BOTTOM OF THE 1ST |
Tri-City ValleyCats batting - Pitching for Minnesota (NYP) Twins : LHP Sandy Benitez
|
Pitching: LHP Sandy Benitez
|
|
Batting: RHB Omar Amaya
|
0-0: Ball 1-0: Ball 2-0: DOUBLE (Line Drive, 78XD, EV 108.8 MPH)
|
Batting: RHB Kieron Clark
|
0-0: Ball 1-0: Ball Omar Amaya steals 3rd base 2-0: Foul Ball, location: 2F 2-1: Hit by Pitch
|
Batting: RHB Erik Smith
|
0-0: Ball 1-0: Swinging Strike 1-1: Foul Ball, location: 2F 1-2: Foul Ball, location: 2F 1-2: Foul Ball, location: 2F 1-2: Ball 2-2: Grounds into double play, 5-4-3 (Groundball, 56S, EV 94.4 MPH) Omar Amaya scores
|
Batting: RHB Drew Coleman
|
0-0: Called Strike 0-1: Fly out, F8 (Flyball, 8LD, EV 91.2 MPH)
|
Bottom of the 1st over - 1 run, 1 hit, 0 errors, 0 left on base; Minnesota (NYP) 0 - Tri-City 1 |
TOP OF THE 2ND |
Minnesota (NYP) Twins batting - Pitching for Tri-City ValleyCats : LHP Frank Vazquez
|
Batting: RHB Pat Adams
|
0-0: Ball 1-0: Ball 2-0: Fly out, F8 (Line Drive, 8LD, EV 87.5 MPH)
|
Batting: RHB Rick Kendall
|
0-0: Ball 1-0: Ball 2-0: Foul Ball, location: 2F 2-1: Foul Ball, location: 2F 2-2: Ball 3-2: Base on Balls
|
Batting: RHB Sergio Gomez
|
0-0: Ball 1-0: Ball Rick Kendall is caught stealing 2nd base 2-4 2-0: Ball 3-0: Called Strike 3-1: Foul Ball, location: 2F 3-2: Fly out, F7 (Flyball, 7LD, EV 99.4 MPH)
|
Top of the 2nd over - 0 runs, 0 hits, 0 errors, 0 left on base; Minnesota (NYP) 0 - Tri-City 1 |
BOTTOM OF THE 2ND |
Tri-City ValleyCats batting - Pitching for Minnesota (NYP) Twins : LHP Sandy Benitez
|
Batting: RHB Steve Moore
|
0-0: Ball 1-0: Called Strike 1-1: SINGLE (Line Drive, 7S, EV 95.0 MPH)
|
Batting: LHB Aldo Kok
|
0-0: Ball 1-0: Ball 2-0: 2-RUN HOME RUN (Flyball, 8RXD, EV 113.1 MPH), Distance : 452 ft
|
Batting: RHB Juan Mendoza
|
0-0: Ball 1-0: Called Strike 1-1: Swinging Strike 1-2: SINGLE (Groundball, 6MD, EV 104.4 MPH)
|
Batting: RHB J.R. Roberts
|
0-0: Swinging Strike 0-1: Called Strike 0-2: Ball 1-2: Ball 2-2: Strikes out swinging
|
Batting: RHB Jamie Youngs
|
0-0: Ball 1-0: DOUBLE (Line Drive, 5D, EV 98.1 MPH) Juan Mendoza to third
|
Batting: RHB Omar Amaya
|
0-0: Called Strike 0-1: Foul Ball, location: 2F 0-2: Ball 1-2: Ball 2-2: Foul Ball, location: 2F 2-2: Ball 3-2: Ground out 6-3 (Groundball, 6, EV 91.2 MPH) Juan Mendoza scores
|
Batting: RHB Kieron Clark
|
0-0: Swinging Strike 0-1: Foul Ball, location: 2F 0-2: Ball 1-2: Ball 2-2: Fly out, F9 (Flyball, 9D, EV 99.4 MPH)
|
Bottom of the 2nd over - 3 runs, 4 hits, 0 errors, 1 left on base; Minnesota (NYP) 0 - Tri-City 4 |
TOP OF THE 3RD |
Minnesota (NYP) Twins batting - Pitching for Tri-City ValleyCats : LHP Frank Vazquez
|
Batting: LHB Jose Hilario
|
0-0: Called Strike 0-1: Ball 1-1: Called Strike 1-2: Foul Ball, location: 2F 1-2: Strikes out swinging
|
Batting: SHB Juan Aguilar
|
0-0: Called Strike 0-1: Ball 1-1: Ball 2-1: Swinging Strike 2-2: Ball 3-2: Base on Balls
|
Batting: LHB Yasutoshi Hayashi
|
0-0: Foul Ball, location: 2F 0-1: Foul Ball, location: 2F 0-2: Fielders Choice at 2nd, 5-4 (Groundball, 56, EV 86.9 MPH)
|
Batting: RHB Steve Terrell
|
0-0: Called Strike Yasutoshi Hayashi steals 2nd base (no throw) 0-1: SINGLE (Line Drive, 6M, EV 94.4 MPH) Yasutoshi Hayashi to third
|
Batting: LHB Tomas Espino
|
0-0: Called Strike 0-1: Foul Ball, location: 2F 0-2: Ball 1-2: Strikes out looking
|
Top of the 3rd over - 0 runs, 1 hit, 0 errors, 2 left on base; Minnesota (NYP) 0 - Tri-City 4 |
BOTTOM OF THE 3RD |
Tri-City ValleyCats batting - Pitching for Minnesota (NYP) Twins : LHP Sandy Benitez
|
Batting: RHB Erik Smith
|
0-0: SOLO HOME RUN (Flyball, 7LD, EV 91.2 MPH), Distance : 349 ft
|
Batting: RHB Drew Coleman
|
0-0: Ground out 6-3 (Groundball, 4MS, EV 85.6 MPH)
|
Batting: RHB Steve Moore
|
0-0: Called Strike 0-1: Ball 1-1: Ground out 6-3 (Groundball, 6, EV 100.6 MPH)
|
Batting: LHB Aldo Kok
|
0-0: Ball 1-0: Called Strike 1-1: Swinging Strike 1-2: Foul Ball, location: 2F 1-2: Ball 2-2: DOUBLE (Flyball, 78XD, EV 103.1 MPH)
|
Pitching: LHP Yeijiro Kimura
|
|
Batting: RHB Juan Mendoza
|
0-0: Foul Ball, location: 2F 0-1: Ball 1-1: DOUBLE (Flyball, 89XD, EV 110.6 MPH) Aldo Kok scores
|
Batting: RHB J.R. Roberts
|
0-0: Foul Ball, location: 2F 0-1: Called Strike 0-2: Strikes out swinging
|
Bottom of the 3rd over - 2 runs, 3 hits, 0 errors, 1 left on base; Minnesota (NYP) 0 - Tri-City 6 |
TOP OF THE 4TH |
Minnesota (NYP) Twins batting - Pitching for Tri-City ValleyCats : LHP Frank Vazquez
|
Batting: RHB Alexandre Garcia
|
0-0: Ground out 6-3 (Groundball, 6, EV 89.4 MPH)
|
Batting: RHB Pat Adams
|
0-0: Ball 1-0: Ground out 5-3 (Groundball, 56S, EV 65.6 MPH)
|
Batting: RHB Rick Kendall
|
0-0: Called Strike 0-1: Hit by Pitch
|
Batting: RHB Sergio Gomez
|
0-0: Ground out 4-3 (Groundball, 34, EV 90.6 MPH)
|
Top of the 4th over - 0 runs, 0 hits, 0 errors, 1 left on base; Minnesota (NYP) 0 - Tri-City 6 |
BOTTOM OF THE 4TH |
Tri-City ValleyCats batting - Pitching for Minnesota (NYP) Twins : LHP Yeijiro Kimura
|
Batting: RHB Jamie Youngs
|
0-0: Ball 1-0: Foul Ball, location: 2F 1-1: Called Strike 1-2: Ball 2-2: Ball 3-2: Strikes out looking
|
Batting: RHB Omar Amaya
|
0-0: Called Strike 0-1: Foul Ball, location: 2F 0-2: Ball 1-2: Fly out, F6 (Popup, 6, EV 62.5 MPH)
|
Batting: RHB Kieron Clark
|
0-0: Ball 1-0: Ball 2-0: Ball 3-0: Base on Balls
|
Batting: RHB Erik Smith
|
0-0: Hit by Pitch Kieron Clark to second
|
Batting: RHB Drew Coleman
|
0-0: Ball 1-0: Ball 2-0: Called Strike 2-1: Called Strike 2-2: Foul Ball, location: 2F 2-2: Strikes out looking
|
Bottom of the 4th over - 0 runs, 0 hits, 0 errors, 2 left on base; Minnesota (NYP) 0 - Tri-City 6 |
TOP OF THE 5TH |
Minnesota (NYP) Twins batting - Pitching for Tri-City ValleyCats : LHP Frank Vazquez
|
Batting: LHB Jose Hilario
|
0-0: Ball 1-0: SINGLE (Groundball, 56D, EV 98.8 MPH)
|
Batting: SHB Juan Aguilar
|
0-0: Ball 1-0: Ball 2-0: Ball 3-0: Called Strike 3-1: Called Strike 3-2: Base on Balls Jose Hilario to second
|
Batting: LHB Yasutoshi Hayashi
|
0-0: Ball 1-0: Ball 2-0: Ball 3-0: Called Strike 3-1: Called Strike 3-2: Foul Ball, location: 2F 3-2: Base on Balls Jose Hilario to third Juan Aguilar to second
|
Batting: RHB Steve Terrell
|
0-0: Ball 1-0: Foul Ball, location: 2F 1-1: Swinging Strike 1-2: Strikes out looking
|
Batting: LHB Tomas Espino
|
0-0: Ball 1-0: Fielders Choice at 2nd, 3-6 (Groundball, 3, EV 87.5 MPH) Jose Hilario scores Juan Aguilar to third
|
Batting: RHB Alexandre Garcia
|
0-0: Ball 1-0: Ball 2-0: Ground out U3 (Groundball, 3S, EV 72.5 MPH)
|
Top of the 5th over - 1 run, 1 hit, 0 errors, 2 left on base; Minnesota (NYP) 1 - Tri-City 6 |
BOTTOM OF THE 5TH |
Tri-City ValleyCats batting - Pitching for Minnesota (NYP) Twins : LHP Yeijiro Kimura
|
Batting: RHB Steve Moore
|
0-0: Ball 1-0: Ball 2-0: Ball 3-0: Called Strike 3-1: SINGLE (Groundball, 4MD, EV 101.9 MPH)
|
Batting: LHB Aldo Kok
|
0-0: SINGLE (Groundball, 4MD, EV 97.5 MPH) Steve Moore to second
|
Batting: RHB Juan Mendoza
|
0-0: Called Strike 0-1: Ball 1-1: Ball 2-1: Grounds into double play, 5-4-3 (Groundball, 5, EV 105.6 MPH) Steve Moore to third
|
Batting: RHB J.R. Roberts
|
0-0: Ball 1-0: Ground out 4-3 (Groundball, 4, EV 85.6 MPH)
|
Bottom of the 5th over - 0 runs, 2 hits, 0 errors, 1 left on base; Minnesota (NYP) 1 - Tri-City 6 |
TOP OF THE 6TH |
Minnesota (NYP) Twins batting - Pitching for Tri-City ValleyCats : LHP Frank Vazquez
|
Batting: RHB Pat Adams
|
0-0: Foul Ball, location: 2F 0-1: Fly out, F7 (Flyball, 7S, EV 91.2 MPH)
|
Batting: RHB Rick Kendall
|
0-0: Called Strike 0-1: Called Strike 0-2: Ball 1-2: Strikes out swinging
|
Batting: RHB Sergio Gomez
|
0-0: Ball 1-0: Ball 2-0: Foul Ball, location: 2F 2-1: Ball 3-1: Base on Balls
|
Batting: LHB Jose Hilario
|
0-0: Foul Ball, location: 2F 0-1: Swinging Strike 0-2: Ball 1-2: Foul Ball, location: 2F 1-2: Strikes out looking
|
Top of the 6th over - 0 runs, 0 hits, 0 errors, 1 left on base; Minnesota (NYP) 1 - Tri-City 6 |
BOTTOM OF THE 6TH |
Tri-City ValleyCats batting - Pitching for Minnesota (NYP) Twins : LHP Yeijiro Kimura
|
Batting: RHB Jamie Youngs
|
0-0: Ball 1-0: Ball 2-0: Ground out 6-3 (Groundball, 6, EV 102.5 MPH)
|
Batting: RHB Omar Amaya
|
0-0: Foul Ball, location: 2F 0-1: Swinging Strike 0-2: SOLO HOME RUN (Flyball, 7D, EV 100.6 MPH), Distance : 376 ft
|
Batting: RHB Kieron Clark
|
0-0: Ball 1-0: Ball 2-0: Ball 3-0: Base on Balls
|
Batting: RHB Erik Smith
|
0-0: Ball 1-0: Called Strike 1-1: Foul Ball, location: 2F 1-2: Strikes out swinging
|
Pitching: LHP Travis Joyal
|
|
Batting: RHB Drew Coleman
|
0-0: Called Strike 0-1: Ball 1-1: Foul Ball, location: 2F 1-2: Fly out, F7 (Flyball, 78S, EV 85.6 MPH)
|
Bottom of the 6th over - 1 run, 1 hit, 0 errors, 1 left on base; Minnesota (NYP) 1 - Tri-City 7 |
TOP OF THE 7TH |
Minnesota (NYP) Twins batting - Pitching for Tri-City ValleyCats : LHP Frank Vazquez
|
Batting: SHB Juan Aguilar
|
0-0: Called Strike 0-1: Foul Ball, location: 2F 0-2: Ball 1-2: Strikes out swinging
|
Pitching: RHP Ryan Hoagland
|
|
Batting: LHB Yasutoshi Hayashi
|
0-0: Ball 1-0: Ground out 5-3 (Groundball, 56, EV 106.2 MPH)
|
Batting: RHB Steve Terrell
|
0-0: Called Strike 0-1: Ball 1-1: Called Strike 1-2: Strikes out swinging
|
Top of the 7th over - 0 runs, 0 hits, 0 errors, 0 left on base; Minnesota (NYP) 1 - Tri-City 7 |
BOTTOM OF THE 7TH |
Tri-City ValleyCats batting - Pitching for Minnesota (NYP) Twins : LHP Travis Joyal
|
Batting: RHB Steve Moore
|
0-0: Called Strike 0-1: Swinging Strike 0-2: Ball 1-2: Foul Ball, location: 2F 1-2: Strikes out swinging
|
Batting: LHB Aldo Kok
|
0-0: Ball 1-0: Foul Ball, location: 2F 1-1: SINGLE (Line Drive, 3D, EV 94.4 MPH)
|
Batting: RHB Juan Mendoza
|
0-0: Called Strike 0-1: Ball 1-1: Foul Ball, location: 2F 1-2: Foul Ball, location: 2F 1-2: Foul Ball, location: 2F 1-2: Ball 2-2: Foul Ball, location: 2F 2-2: Strikes out swinging
|
Batting: RHB J.R. Roberts
|
0-0: Called Strike 0-1: Swinging Strike 0-2: Strikes out swinging
|
Bottom of the 7th over - 0 runs, 1 hit, 0 errors, 1 left on base; Minnesota (NYP) 1 - Tri-City 7 |
TOP OF THE 8TH |
Minnesota (NYP) Twins batting - Pitching for Tri-City ValleyCats : RHP Ryan Hoagland
|
Batting: LHB Tomas Espino
|
0-0: Fly out, F6 (Popup, 56D, EV 54.4 MPH)
|
Batting: RHB Alexandre Garcia
|
0-0: Called Strike 0-1: SINGLE (Line Drive, 6M, EV 103.1 MPH)
|
Batting: RHB Pat Adams
|
0-0: Ball 1-0: Fly out, F9 (Flyball, 89M, EV 90.0 MPH)
|
Batting: RHB Rick Kendall
|
0-0: Ball 1-0: Ball 2-0: Ball 3-0: Called Strike 3-1: Foul Ball, location: 2F 3-2: Base on Balls Alexandre Garcia to second
|
Batting: RHB Sergio Gomez
|
0-0: Called Strike 0-1: Called Strike 0-2: Strikes out swinging
|
Top of the 8th over - 0 runs, 1 hit, 0 errors, 2 left on base; Minnesota (NYP) 1 - Tri-City 7 |
BOTTOM OF THE 8TH |
Tri-City ValleyCats batting - Pitching for Minnesota (NYP) Twins : LHP Travis Joyal
|
Pitching: LHP Bryan Rouse
|
|
Batting: RHB Jamie Youngs
|
0-0: Ball 1-0: Called Strike 1-1: SINGLE (Groundball, 4MD, EV 105.6 MPH)
|
Batting: RHB Omar Amaya
|
0-0: Foul Ball, location: 2F 0-1: Foul Ball, location: 2F 0-2: Ball 1-2: Ball 2-2: Foul Ball, location: 2F 2-2: Strikes out looking
|
Batting: RHB Kieron Clark
|
0-0: Ball 1-0: Fly out, F7 (Line Drive, 78M, EV 91.9 MPH)
|
Batting: RHB Erik Smith
|
0-0: Ball 1-0: Swinging Strike 1-1: Foul Ball, location: 2F 1-2: Ball 2-2: Ball 3-2: Strikes out swinging
|
Bottom of the 8th over - 0 runs, 1 hit, 0 errors, 1 left on base; Minnesota (NYP) 1 - Tri-City 7 |
TOP OF THE 9TH |
Minnesota (NYP) Twins batting - Pitching for Tri-City ValleyCats : RHP Ryan Hoagland
|
Batting: LHB Jose Hilario
|
0-0: Called Strike 0-1: Foul Ball, location: 2F 0-2: Foul Ball, location: 2F 0-2: Foul Ball, location: 2F 0-2: Ball 1-2: Ball 2-2: DOUBLE (Line Drive, 3D, EV 107.5 MPH)
|
Batting: SHB Juan Aguilar
|
0-0: Ball Balk! Jose Hilario to third 1-0: Foul Ball, location: 2F 1-1: Fly out, F9 (Flyball, 9, EV 94.4 MPH)
|
Batting: LHB Yasutoshi Hayashi
|
0-0: Ground out U3 (Groundball, 3S, EV 85.6 MPH)
|
Batting: RHB Steve Terrell
|
0-0: Ball 1-0: Called Strike 1-1: Swinging Strike 1-2: Ball 2-2: Strikes out looking
|
Top of the 9th over - 0 runs, 1 hit, 0 errors, 1 left on base; Minnesota (NYP) 1 - Tri-City 7 |
|